 Dungeon Crawl Stone Soup version 0.32-a0-909-gc671339a80 (webtiles) character file.

Game seed: 1247492884300793333

1446 gohu the Cleaver (level 8, -7/66 HPs)
             Began as a Mountain Dwarf Fighter on Apr 6, 2024.
             Was an Initiate of Makhleb.
             Mangled by a gnoll sergeant
             ... wielding a +1 spear of distortion
              (14 damage)
             ... on level 6 of the Dungeon.
             The game lasted 00:09:10 (5037 turns).

gohu the Cleaver (Mountain Dwarf Fighter)           Turns: 5037, Time: 00:09:10

Health: -7/66      AC: 10    Str: 22    XL:     8   Next: 46%
Magic:  8/8        EV:  9    Int:  8    God:    Makhleb [......]
Gold:   330        SH:  4    Dex: 12    Spells: 7/7 levels left

rFire   + + .        a - +0 war axe
rCold   + . .        c - +0 buckler
rNeg    + . .        D - +4 ring mail of Xoenampi {Harm Fly rF+}
rPois   .            (no helmet)
rElec   .            m - scarf of Idealism {rC+ rF+, Harm rN+ Dex+3}
rCorr   .            (no gloves)
SInv    +            (no boots)
Will    .....        (no amulet)
Stlth   +            F - ring of see invisible
HPRegen 0.31/turn    (no ring)
MPRegen 0.11/turn

%: harm (+45% outgoing, +30% incoming)
@: flying
A: runic magic, artefact enchanting
a: Renounce Religion


You were on level 6 of the Dungeon.
You worshipped Makhleb.
Makhleb was noncommittal.
You visited 1 branch of the dungeon, and saw 6 of its levels.

You collected 330 gold pieces.

Inventory:

Hand Weapons
 a - a +0 war axe (weapon)
 G - a +0 morningstar
Missiles
 r - a boomerang (quivered)
 t - 5 javelins
Armour
 b - a +0 scale mail
 c - a +0 buckler (worn)
 m - the scarf of Idealism (worn) {rC+ rF+, Harm rN+ Dex+3}
   (You found it on level 2 of the Dungeon)

   Dex+3:     It affects your dexterity (+3).
   rN+:       It protects you from negative energy.
   Harm:      It increases damage dealt and taken.
 s - a +0 chain mail
 w - a +0 cloak
 D - the +4 ring mail of Xoenampi (worn) {Harm Fly rF+}
   (You found it on level 5 of the Dungeon)

   rF+:       It protects you from fire.
   Fly:       It grants you flight.
   Harm:      It increases damage dealt and taken.
Jewellery
 F - a ring of see invisible (left hand)
Scrolls
 g - 2 scrolls of brand weapon {unknown}
 h - a scroll of fear {unknown}
 k - 2 scrolls of immolation {unknown}
 l - 2 scrolls of torment {unknown}
 n - 5 scrolls of identify {unknown}
 o - a scroll of enchant weapon {unknown}
 q - 2 scrolls of noise {unknown}
 u - a scroll of vulnerability {unknown}
 v - 2 scrolls of fog {unknown}
 y - 2 scrolls of teleportation {unknown}
 z - 2 scrolls of enchant armour {unknown}
 A - a scroll of butterflies {unknown}
 B - a scroll of revelation {unknown}
 C - a scroll of silence {unknown}
Potions
 d - a potion of might
 e - a potion of lignification {unknown}
 f - 2 potions of mutation {unknown}
 i - 5 potions of curing
 j - 3 potions of magic {unknown}
 p - 3 potions of heal wounds {unknown}
 x - a potion of brilliance {unknown}
 E - a potion of attraction {unknown}
 H - a potion of enlightenment {unknown}
 I - a potion of haste {unknown}


   Skills:
 + Level 3.9 Fighting
 * Level 11.9 Axes
 - Level 0.1 Throwing
 + Level 4.4 Armour
 + Level 3.6 Shields


You had 7 spell levels left.
You didn't know any spells.
Your spell library contained the following spells:

 Spells                   Type           Power      Damage    Failure   Level
 Apportation              Tloc           0%         N/A       52%         1
 Shock                    Conj/Air       0%         1d3       52%         1
 Jinxbite                 Hex            0%         N/A       65%         2
 Sublimation of Blood     Necr           0%         N/A       65%         2
 Swiftness                Air            0%         N/A       87%         3
 Tukima's Dance           Hex            0%         N/A       87%         3
 Airstrike                Air            0%         2d(0-16)  99%         4
 Dimensional Bullseye     Hex/Tloc       0%         N/A       99%         4
 Iskenderun's Mystic Bla Conj/Tloc 0%             2d3        (+2d1     99%         4
 Petrify                  Alch/Erth      0%         N/A       99%         4
 Alistair's Intoxication  Alch           0%         N/A       100%        5
 Irradiate                Conj/Alch      0%         3d11      100%        5


Dungeon Overview and Level Annotations

Branches:
Dungeon (6/15)
 Temple: D:4-7

Altars:
Makhleb

Shops:
D:1 =


Innate Abilities, Weirdness & Mutations

Your spellcasting is much less encumbered by armour.
You can use scrolls of enchantment on lesser artefacts.


Message History

The gnoll sergeant is moderately wounded.
The gnoll sergeant hits you with a +1 spear of distortion.
Space warps horribly around you!
You hit the gnoll sergeant.
The gnoll sergeant is moderately wounded.
You block the gnoll sergeant's attack.
You barely miss the gnoll sergeant.
The gnoll sergeant is moderately wounded.
A gnoll comes into view. It is wielding a +0 flail.
The gnoll sergeant hits you with a +1 spear of distortion.
The gnoll sergeant blocks your attack.
The gnoll sergeant is moderately wounded.
The gnoll shouts!
You hear a shout!
The gnoll sergeant hits you with a +1 spear of distortion!
You blink. 2 gnolls come into view.
The gnoll shouts!
You are too injured to fight recklessly!
You are too injured to fight recklessly!
You are too injured to fight recklessly!
You are too injured to fight recklessly!
You closely miss the gnoll.
The gnoll shouts!
The gnoll barely misses you. x2
You closely miss the gnoll.
The gnoll hits you from afar with a +0 spear.
The gnoll barely misses you.
You slash the gnoll!
You kill the gnoll!
Makhleb accepts your kill. The gnoll hits you but does no damage.
The gnoll hits you from afar with a +0 halberd.
The gnoll sergeant hits you from afar with a +1 spear of distortion!
* * * LOW HITPOINT WARNING * * *
Space warps around you.
* * * LOW HITPOINT WARNING * * *
The gnoll closely misses you. x2
The gnoll sergeant attacks as it pursues you!
The gnoll sergeant hits you from afar with a +1 spear of distortion!
You die...

#.# #.# #.#
##### #.# #.z<#
#.#
#.######)#######
#......gg...>..#
########.#####.#
#<..).g.@..)#.#
#######)###.#z#
#.....#.#
#.#####.# #.#
#.# ### #.# #.#
#.# #.#


You could see a gnoll sergeant and 2 gnolls.

Vanquished Creatures
  Eustachio (D:4)
  2 ogres
  A phantom (D:4)
  A bullfrog (D:6)
  2 scorpions
  6 wights (D:6)
  2 howler monkeys (D:5)
  4 hounds
  A bombardier beetle (D:5)
  Natasha (thrice) (D:3)
  2 iguanas
  An orc wizard (D:5)
  3 gnolls
  9 adders
  2 dart slugs
  8 orcs
  2 endoplasms
  3 giant cockroaches
  5 goblins
  8 hobgoblins
  7 jackals
  4 quokkas
  7 ball pythons
  9 bats
  6 frilled lizards
  9 kobolds
  6 rats
114 creatures vanquished.

Notes
Turn   | Place    | Note
-------+----------+-------------------------------------------
     0 | D:1      | gohu the Mountain Dwarf Fighter began the quest for the
                  | Orb.
     0 | D:1      | Reached XP level 1. HP: 19/19 MP: 1/1
    65 | D:1      | Reached skill level 3 in Axes
    95 | D:1      | Reached XP level 2. HP: 21/26 MP: 2/2
   220 | D:1      | Reached skill level 4 in Axes
   431 | D:1      | Found Anwoho's Jewellery Shop.
   642 | D:1      | Reached XP level 3. HP: 28/31 MP: 3/3
  1102 | D:2      | Identified the scarf of Idealism {rC+ rF+, Harm rN+ Dex+3}
  1256 | D:2      | Reached skill level 5 in Axes
  1674 | D:3      | Reached XP level 4. HP: 38/38 MP: 4/4
  1736 | D:3      | Noticed Natasha
  1741 | D:3      | Killed Natasha
  1760 | D:3      | Noticed Natasha
  1772 | D:3      | Killed Natasha
  1773 | D:3      | Reached skill level 6 in Axes
  1902 | D:3      | Reached XP level 5. HP: 43/45 MP: 5/5
  2064 | D:3      | Noticed Natasha
  2076 | D:3      | Killed Natasha
  2483 | D:4      | Noticed an ogre
  2491 | D:3      | Reached skill level 7 in Axes
  2795 | D:4      | HP: 2/45 [ogre/+0 giant club (12)]
  2796 | D:4      | Killed an ogre
  2797 | D:4      | Reached skill level 8 in Axes
  2797 | D:4      | Reached XP level 6. HP: 2/51 MP: 6/6
  3245 | D:4      | Noticed Eustachio
  3276 | D:4      | Killed Eustachio
  3277 | D:4      | Reached skill level 9 in Axes
  3443 | D:4      | Reached XP level 7. HP: 50/57 MP: 7/7
  3584 | D:5      | Entered Level 5 of the Dungeon
  3666 | D:5      | Found a burning altar of Makhleb.
  3672 | D:5      | Became a worshipper of Makhleb the Destroyer
  3745 | D:5      | Reached skill level 10 in Axes
  3764 | D:5      | Identified the +4 ring mail of Xoenampi {Harm Fly rF+}
  4230 | D:6      | Reached skill level 11 in Axes
  4230 | D:6      | Reached XP level 8. HP: 57/63 MP: 8/8
  4459 | D:6      | HP: 3/63 [wight/+2 antimagic great sword (11)]
  5037 | D:6      | Mangled by a gnoll sergeant

Illustrated notes

Levels and vault maps discovered:
D:1:      onia_arrival_mini_spirals, layout_basic, serial_shops, shop,
          minmay_nonomino_d4
D:2:      wad_lake_hut, layout_rooms, minmay_puff
D:3:      layout_loops_cross, uniq_natasha
D:4:      layout_loops_cross, hangedman_decor_push,
          minmay_fractal_squares_diagonal_5, uniq_eustachio
D:5:      layout_rooms, makhleb_blood_cavern_becter
D:6:      layout_basic, mainiacjoe_overflow_big_doors

Skill      XL: |  1  2  3  4  5  6  7  8 |
---------------+-------------------------+-----
Axes           | 3 4 5 6 8 9 11 | 11.9
Armour         | 4 |  4.4
Fighting       | |  3.9
Throwing       | |  0.1
Shields        | |  3.6

Action                     |  1- 3 |  4- 6 |  7- 9 || total
---------------------------+-------+-------+-------++-------
  Melee: War axe           |   140 |   167 |   119 ||   426
  Throw: Boomerang         |       |     3 |     6 ||     9
         Javelin           |       |     2 |       ||     2
    Use: Potion            |       |     1 |     1 ||     2
 Armour: Scale mail        |   120 |    37 |       ||   157
         Chain mail        |       |   105 |    33 ||   138
         Ring mail         |       |       |    58 ||    58
  Dodge: Dodged            |    76 |    48 |    46 ||   170
  Block: Buckler           |    48 |    26 |    20 ||    94

Table legend: (Time is in decaauts)
 A = Elapsed time spent in this place.
 B = Non-inter-level travel time spent in this place.
 C = Inter-level travel time spent in this place.
 D = Time resting spent in this place.
 E = Time spent auto-exploring this place.
 F = Levels seen in this place.
 G = Mean time per level.
                   A        B        C        D        E       F      G
               +--------+--------+--------+--------+--------+-----+--------+
         Total |   5169 |   4972 |    197 |    280 |   3466 |   6 |  861.5 |
       Dungeon |   5169 |   4972 |    197 |    280 |   3466 |   6 |  861.5 |
               +--------+--------+--------+--------+--------+-----+--------+

Top non-repeatable levels by time:
     D:4: 1125 daAuts
     D:1: 952 daAuts
     D:5: 877 daAuts
     D:3: 832 daAuts
     D:2: 803 daAuts
     D:6: 577 daAuts
